 Dungeon Crawl Stone Soup version 0.21.1-1-g345015f (webtiles) character file.

123 Goblin1989 the Chopper (level 4, -4/35 HPs)
             Began as a Demonspawn Monk on Feb 5, 2018.
             Slain by an orc
             ... wielding a +0 war axe
              (12 damage)
             ... on level 3 of the Dungeon.
             The game lasted 00:03:59 (2356 turns).

Goblin1989 the Chopper (Demonspawn Monk)            Turns: 2356, Time: 00:04:00

Health: -4/35      AC:  4    Str: 12    XL:     4   Next: 79%
Magic:  13/13      EV: 16    Int: 12    God:
Gold:   145        SH:  0    Dex: 15    Spells: 3/3 levels left

rFire    . . .     SeeInvis .   a - +0 hand axe
rCold    . . .     Gourm    .   (no shield)
rNeg     . . .     Faith    .   b - +0 robe
rPois    .         Spirit   .   (no helmet)
rElec    .         Reflect  .   (no cloak)
rCorr    .         Harm     .   (no gloves)
MR       .....                  (no boots)
Stlth    ++........             (no amulet)
HPRegen  0.11/turn              l - +3 ring of evasion
MPRegen  0.13/turn              o - ring of magical power

@: no status effects
A: iridescent scales 1, spiny 1
a: no special abilities


You were on level 3 of the Dungeon.
You were not hungry.

You visited 1 branch of the dungeon, and saw 3 of its levels.

You collected 145 gold pieces.

Inventory:

Hand Weapons
 a - a +0 hand axe (weapon)
Armour
 b - a +0 robe (worn)
 s - a +0 scale mail
Jewellery
 l - a +3 ring of evasion (left hand)
 o - a ring of magical power (right hand)
Wands
 P - a wand of paralysis (3)
Scrolls
 g - 2 scrolls of remove curse {unknown}
 i - a scroll of teleportation {unknown}
 k - a scroll of immolation {unknown}
 m - a scroll of magic mapping {unknown}
 q - a scroll of enchant weapon {unknown}
 T - a scroll of blinking {unknown}
Potions
 r - a potion of degeneration {unknown}
 R - a potion of brilliance {unknown}
 S - a potion of curing {unknown}
Comestibles
 e - 7 rations
 Q - a chunk of flesh


   Skills:
 - Level 3.0 Fighting
 + Level 5.1 Axes
 - Level 2.6 Dodging
 - Level 1.7 Stealth


You had 3 spell levels left.
You didn't know any spells.

Dungeon Overview and Level Annotations

Branches:
Dungeon (3/15)

Altars:
Ashenzari


Innate Abilities, Weirdness & Mutations

You are partially covered in iridescent scales. (AC +2)
You are partially covered in sharp spines.


Message History

No target in view!
No target in view!
No target in view!
No target in view!
No target in view!
No target in view!
No target in view!
No target in view!
No target in view!
No target in view!
No target in view!
No target in view!
No target in view!
No target in view!
No target in view!
No target in view!
No target in view!
No target in view!
No target in view!
Unknown command.
R - a glowing grey potion Health restored: 35 You butcher the adder corpse.
Q - 2 chunks of flesh (gained 1)
S - a pink potion Eating one of 2 chunks of flesh.
You eat one of the 2 chunks of flesh.
This raw flesh tastes terrible.
e - 7 rations (gained 1)
T - a scroll labeled VUEREN UPACKADOM You now have 145 gold pieces (gained 19).
You open the door. 2 orcs come into view.
An orc and an orc wizard come into view.
The orc wizard shouts!
The orc shouts! x2
There is an open door here.
A giant cockroach comes into view.
The orc shouts!
You hit the orc wizard but do no damage.
You closely miss the orc.
The orc wizard gestures at you while chanting.
The magic dart hits you! The orc completely misses you.
You take 5 damage, and have 30/35 hp.
You hit the orc wizard but do no damage.
You hit the orc but do no damage. You hit the orc.
The orc wizard closely misses you. The orc completely misses you.
The orc is struck by your spines. The orc barely misses you.
You closely miss the orc.
The orc is moderately wounded.
You hit the orc but do no damage. You hit the orc wizard.
You hit the orc but do no damage. The orc barely misses you.
The orc wizard points at you and mumbles some strange words.
The puff of flame hits you! The orc misses you.
You take 11 damage, and have 19/35 hp.
MASSIVE DAMAGE!!
You are too injured to fight recklessly!
Unknown command.
You are too injured to fight recklessly!
Unknown command.
You are too injured to fight recklessly!
Unknown command.
You are too injured to fight recklessly!
Unknown command.
You are too injured to fight recklessly!
Unknown command.
You hit the orc.
The orc is severely wounded.
You hit the orc but do no damage. You hit the orc wizard.
You hit the orc but do no damage. The orc wizard barely misses you.
The orc hits you with a dagger. The orc barely misses you.
The orc hits you with a war axe.
* * * LOW HITPOINT WARNING * * *
You take 6 damage, and have 13/35 hp.
You hit the orc but do no damage.
The orc is severely wounded.
You barely miss the orc. You hit the orc wizard.
You hit the orc but do no damage.
The orc wizard gestures at you while chanting.
The magic dart hits you!
* * * LOW HITPOINT WARNING * * *
The orc completely misses you. The orc barely misses you.
The orc is struck by your spines. The orc misses you.
The orc closely misses you.
The orc wizard is struck by your spines.
The orc wizard closely misses you.
You take 6 damage, and have 7/35 hp.
There is an open door here.
You hit the orc.
You kill the orc!
The orc wizard mumbles some strange words.
The orc wizard flickers and vanishes!
Deactivating autopickup; reactivate with Ctrl-A.
You hit the orc.
The orc is almost dead.
The orc misses you.
You hit the orc but do no damage.
The orc is severely wounded.
The orc closely misses you.
You hit the orc but do no damage.
The orc is heavily wounded.
The orc hits you with a war axe!
You die...

▲.......█........ ..█
█.......█.█..█.█. █..█.█
█.......█...)█ █..█.█
██████..███.████.██..█.█
█..█ █......██..█.█ █..█
█..██████..█.█
█..████.██████..█.█
█...............█.█
██@████..█████.██∆█
██.█████o█......██.......
.......os.....█.██.......
██.█......█████.██.......
▲......▲ ..███▲██.█
█......█ █.███.██.█
█......█ █..██.....
....████ █.█....██ .....
██████......█


You could see 2 orcs and a giant cockroach.

Vanquished Creatures
  Ijyb (D:3)
  3 adders (D:3)
  An ooze (D:2)
  3 worms
  3 dart slugs
  A leopard gecko (D:3)
  2 orcs (D:3)
  3 giant cockroaches
  2 goblins
  4 hobgoblins
  2 jackals (D:2)
  4 quokkas (D:2)
  A ball python (D:2)
  5 bats
  3 frilled lizards
  6 kobolds
  7 rats
51 creatures vanquished.

Notes
Turn   | Place    | Note
-------+----------+-------------------------------------------
     0 | D:1      | Goblin1989 the Demonspawn Monk began the quest for the Orb.
     0 | D:1      | Reached XP level 1. HP: 18/18 MP: 1/1
    70 | D:1      | Reached skill level 3 in Axes
   296 | D:1      | Gained mutation: You are partially covered in sharp spines. [demonic ancestry]
   296 | D:1      | Reached XP level 2. HP: 21/24 MP: 2/2
   882 | D:2      | Reached XP level 3. HP: 27/29 MP: 3/3
   960 | D:2      | Reached skill level 4 in Axes
  1969 | D:3      | Gained mutation: You are partially covered in iridescent scales. (AC +2) [demonic ancestry]
  1969 | D:3      | Reached XP level 4. HP: 35/35 MP: 4/4
  1974 | D:3      | Found a shattered altar of Ashenzari.
  2006 | D:3      | Noticed Ijyb
  2014 | D:3      | Paralysed by Ijyb for 4 turns
  2021 | D:3      | Paralysed by Ijyb for 3 turns
  2025 | D:3      | Paralysed by Ijyb for 5 turns
  2034 | D:3      | Paralysed by Ijyb for 4 turns
  2038 | D:3      | Killed Ijyb
  2291 | D:3      | Reached skill level 5 in Axes
  2356 | D:3      | Slain by an orc

Skill      XL: |  1  2  3  4 |
---------------+-------------+-----
Axes           | 3 4 5 |  5.1
Fighting       | |  3.0
Dodging        | |  2.6
Stealth        | |  1.7

Action                   |  1- 3 |  4- 6 || total
-------------------------+-------+-------++-------
Melee: Hand axe          |    97 |    46 ||   143
 Stab: Sleeping          |     9 |     1 ||    10
  Eat: Chunk             |     3 |     2 ||     5
Armor: Robe              |    15 |     7 ||    22
Dodge: Dodged            |    61 |    37 ||    98

Vault maps used:
D:1:      matt_arrival_grand_opening
D:2:      serial_co_window_serial, co_window_of_opportunity_a,
          co_window_paths_b, co_window_corner_a, co_window_corner_a,
          co_window_of_opportunity_a, co_window_2corner, co_window_corner_b,
          co_window_of_opportunity_b, co_window_broadway_a, glass_columns_c
D:3:      nicolae_overflow_crystal_walls, first_ration,
          nicolae_ashenzari_panopticon, uniq_terence, uniq_natasha, uniq_ijyb
